[Event "Titled Tuesday Blitz May 03 Early 2022"]
[White "Moiseenko, Alexander"]
[Black "YoreDea"]
[WhiteFideId "14102560"]
[WhiteElo "2577"]
[BlackElo "2495"]
[Result "1-0"]
[Round "01"]
[TimeControl "180+1"]
[Date "2022.05.03"]
[WhiteClock "0:00:09"]
[BlackClock "0:00:30"]

1. d4 d5 2. c4 c6 3. Nc3 Nf6 4. Nf3 e6 5. e3 Nbd7 6. Bd3 dxc4 7. Bxc4 b5 8. Bd3 Bb7 9. e4 b4 10. Na4 c5 11. e5 Nd5 12. dxc5 Qa5 13. O-O Nxc5 14. Nxc5 Bxc5 15. Qe2 a6 16. Bd2 Qb6 17. Ng5 h6 18. Ne4 Be7 19. Rac1 O-O 20. Qg4 Kh8 21. Qh5 Qd4 22. Bxh6 Qxd3 23. Rfe1 Rfc8 24. Rcd1 Qc2 25. Rd2 Qc6 26. Rd3 Kg8 27. Bxg7 f5 28. Rg3 f4 29. Qh8+ Kf7 30. Qh5+ Kg8 31. Bh6+ Bg5 32. Qxg5+ Kf7 33. Qg7+ Ke8 34. Nd6+ Qxd6 35. exd6 fxg3 36. d7+ Kd8 37. Bg5+ Kc7 38. d8=Q+ Kc6 39. Qdd7+ Kc5 40. Qxb7 Rab8 41. hxg3 Rxb7 42. Qxb7 Rc6 43. Rc1+ Nc3 44. Qxc6+ Kxc6 45. bxc3 bxc3 46. Bd2 1-0


[Site "https://www.chess.com"]

[Event "Titled Tuesday Blitz May 03 Early 2022"]
[White "Molina, Roberto Junio Brito"]
[Black "Vovk, Orest"]
[WhiteFideId "2109450"]
[BlackFideId "14113490"]
[WhiteElo "2807"]
[BlackElo "2468"]
[Result "1/2-1/2"]
[Round "01"]
[TimeControl "180+1"]
[Date "2022.05.03"]
[WhiteClock "0:00:07"]
[BlackClock "0:00:11"]

1. d4 e5 2. dxe5 Nc6 3. Nf3 Qe7 4. e4 Nxe5 5. Nxe5 Qxe5 6. Bd3 Bb4+ 7. c3 Bc5 8. O-O d6 9. Kh1 Nf6 10. f4 Qh5 11. Qxh5 Nxh5 12. Nd2 O-O 13. b4 Be3 14. Nc4 Bxc1 15. Raxc1 Be6 16. Ne3 Bxa2 17. c4 a5 18. b5 a4 19. Nd5 c6 20. bxc6 bxc6 21. Ne7+ Kh8 22. Nxc6 Nf6 23. c5 dxc5 24. Rxc5 Rfc8 25. Rfc1 a3 26. e5 Nd5 27. Bf5 Rc7 28. Be4 Nxf4 29. Nb4 Rxc5 30. Rxc5 Rd8 31. Rc1 Bb3 32. g3 Ne2 33. Ra1 Rd1+ 34. Rxd1 Bxd1 35. Bd5 Kg8 36. Kg2 Nd4 37. Kf2 Bb3 38. Bxb3 Nxb3 39. Ke3 Nc1 40. Nc2 Nb3 41. Nxa3 Kf8 42. Nc4 Ke7 43. Ke4 Nc5+ 44. Kd5 Nd3 45. Nd6 g6 46. Ne4 Nb4+ 47. Kc5 Nd3+ 48. Kd4 Nb4 49. Ng5 h6 50. Nf3 f6 51. Ke4 fxe5 52. Nxe5 Kf6 53. Nf3 Nc6 54. h3 h5 55. h4 Ne7 56. Ng5 Nf5 57. Kf4 Nd4 58. Ne4+ Kf7 59. Nf2 Ne6+ 60. Ke5 Ng7 61. Ne4 Nf5 62. Ng5+ Kg7 63. Kf4 Ne7 64. Ke5 Nc6+ 65. Kd5 Ne7+ 66. Ke4 Nc6 67. Kf4 Ne7 68. Ne6+ Kf6 69. Nc7 Kg7 70. Kg5 Nf5 71. Kf4 Ne7 72. Kf3 Kf6 73. Ke4 g5 74. Ne8+ Kf7 75. Nd6+ Ke6 76. Nc4 gxh4 77. gxh4 Ng6 78. Ne3 Nxh4 79. Kf4 Ng6+ 80. Kg5 h4 81. Kg4 Kf6 82. Nf5 Kf7 83. Nh6+ Kf6 84. Nf5 Ne5+ 85. Kxh4 1/2-1/2


[Site "https://www.chess.com"]

[Event "Titled Tuesday Blitz May 03 Early 2022"]
[White "Nagy, Gabor"]
[Black "Kaminski, Victor"]
[WhiteFideId "737119"]
[BlackFideId "1131630"]
[WhiteElo "2534"]
[BlackElo "2181"]
[Result "1-0"]
[Round "01"]
[TimeControl "180+1"]
[Date "2022.05.03"]
[WhiteClock "0:01:53"]
[BlackClock "0:00:04"]

1. e4 c5 2. Nf3 Nc6 3. Nc3 e5 4. Bc4 Be7 5. d3 Nf6 6. O-O O-O 7. Ng5 d6 8. f4 h6 9. Nf3 Nd7 10. Nd5 Nb6 11. Bb3 Bg4 12. c3 Rc8 13. h3 Bxf3 14. Qxf3 exf4 15. Bxf4 Ne5 16. Qg3 Bh4 17. Qe3 c4 18. dxc4 Nbxc4 19. Qe2 Bg5 20. Bg3 Nd2 21. Rfd1 Nxb3 22. axb3 a6 23. Kh1 Re8 24. Ne3 Qb6 25. Nf5 Rcd8 26. b4 g6 27. Nd4 Nc6 28. Nf3 Be7 29. Rd5 Bf8 30. Rad1 Kh7 31. Qd3 Qc7 32. h4 Kg8 33. h5 g5 34. Nh2 Bg7 35. Ng4 Ne5 36. Bxe5 Bxe5 37. Nxe5 Rxe5 38. Rxe5 dxe5 39. Qxd8+ 1-0


[Site "https://www.chess.com"]

[Event "Titled Tuesday Blitz May 03 Early 2022"]
[White "Nakamura, Hikaru"]
[Black "Bethke, Richard"]
[WhiteFideId "2016192"]
[BlackFideId "12959243"]
[WhiteElo "2850"]
[BlackElo "2534"]
[Result "1-0"]
[Round "01"]
[TimeControl "180+1"]
[Date "2022.05.03"]
[WhiteClock "0:01:40"]
[BlackClock "0:00:19"]

1. Nf3 d5 2. e3 Nf6 3. b3 c5 4. Bb2 Bg4 5. h3 Bh5 6. Bb5+ Nc6 7. g4 Bg6 8. Ne5 Qc7 9. h4 Be4 10. f3 Nxg4 11. fxe4 Nxe5 12. exd5 a6 13. Bxc6+ bxc6 14. Qh5 Ng6 15. Nc3 Qg3+ 16. Kf1 cxd5 17. Qxd5 Rc8 18. Ne2 Qd6 19. Qb7 Rb8 20. Qe4 Qxd2 21. h5 e6 22. hxg6 Bd6 23. Bxg7 Kd7 24. Bxh8 Rxh8 25. Rxh7 1-0


[Site "https://www.chess.com"]

[Event "Titled Tuesday Blitz May 03 Early 2022"]
[White "Navalgund, Niranjan"]
[Black "Rustemov, Alexander"]
[WhiteFideId "5030854"]
[BlackFideId "4119002"]
[WhiteElo "2290"]
[BlackElo "2734"]
[Result "0-1"]
[Round "01"]
[TimeControl "180+1"]
[Date "2022.05.03"]
[WhiteClock "0:00:47"]
[BlackClock "0:00:13"]

1. e4 e6 2. g3 d5 3. Bg2 dxe4 4. Bxe4 Nf6 5. Bg2 c5 6. Ne2 Nc6 7. O-O Be7 8. b3 O-O 9. Bb2 e5 10. f4 exf4 11. Nxf4 Bg4 12. Bf3 Bxf3 13. Qxf3 Nd4 14. Qg2 Nxc2 15. Nc3 Nxa1 16. Ncd5 Nxd5 17. Nxd5 Nc2 18. Qe4 Bg5 19. h4 Re8 20. Qf5 Nd4 21. Qxf7+ Kh8 22. hxg5 Rf8 23. Qxb7 Rxf1+ 24. Kxf1 Qc8 25. Qe7 Qf8+ 26. Kg2 Qxe7 27. Nxe7 Re8 28. Bxd4 cxd4 29. Nc6 Re2+ 30. Kf3 Rxd2 31. Nxa7 Rxa2 32. Nc6 d3 33. Ke3 d2 34. Ke2 Rb2 35. Nd4 Kg8 36. g4 Kf7 37. Nf3 Rxb3 38. Nxd2 Rg3 39. Nf3 Kg6 40. Kf2 Rxg4 41. Ne5+ Kxg5 42. Nxg4 Kxg4 43. Kg2 h5 0-1


[Site "https://www.chess.com"]

[Event "Titled Tuesday Blitz May 03 Early 2022"]
[White "Nguyen, Hong Anh"]
[Black "Legenia, Artem"]
[WhiteFideId "12406732"]
[BlackFideId "14136945"]
[WhiteElo "2016"]
[BlackElo "1936"]
[Result "0-1"]
[Round "01"]
[TimeControl "180+1"]
[Date "2022.05.03"]
[WhiteClock "0:00:15"]
[BlackClock "0:00:28"]

1. d4 Nf6 2. Nf3 e6 3. g3 b6 4. Bg2 Bb7 5. O-O Be7 6. c4 O-O 7. Nc3 Ne4 8. Qc2 Nxc3 9. Qxc3 d6 10. Qc2 f5 11. d5 e5 12. Rd1 Nd7 13. e4 fxe4 14. Qxe4 Nf6 15. Qe2 Bc8 16. h3 Bf5 17. b4 a5 18. c5 axb4 19. cxd6 cxd6 20. Bd2 Nxd5 21. Qb5 Ra5 22. Qc4 Rc5 23. Qa6 Nc3 24. Re1 Qc8 25. Qxb6 Bxh3 26. Qxb4 Bxg2 27. Kxg2 Qc6 28. Re3 Nd5 29. Qb3 Kh8 30. Re4 Nf4+ 31. Bxf4 Qxe4 32. Re1 Qc6 33. Qe6 Rc3 34. Qxe7 Qxf3+ 35. Kg1 Rfc8 36. Be3 Qd5 37. a4 h6 38. Qd7 Qc6 39. Qf7 Qxa4 40. Qg6 Qd7 41. Kg2 Qc6+ 42. Kg1 d5 43. Qf5 d4 44. Bd2 Rc2 45. Qd3 Qc4 46. Qxc4 R8xc4 47. Ba5 Rc1 0-1


[Site "https://www.chess.com"]

[Event "Titled Tuesday Blitz May 03 Early 2022"]
[White "Nguyen Hong Nhung"]
[Black "Sychev, Klementy"]
[WhiteFideId "12412201"]
[BlackFideId "4114060"]
[WhiteElo "1758"]
[BlackElo "2564"]
[Result "1-0"]
[Round "01"]
[TimeControl "180+1"]
[Date "2022.05.03"]
[WhiteClock "0:01:50"]
[BlackClock "0:01:43"]

1. e4 c6 2. d4 d5 3. f3 dxe4 4. fxe4 e5 5. Nf3 Be6 6. Nc3 exd4 7. Nxd4 Bc5 8. Be3 Qe7 9. Nxe6 Bxe3 10. Nxg7+ Kf8 11. Nf5 Qg5 12. Qd6+ Ke8 13. h4 Qf4 14. Ng7# 1-0


[Site "https://www.chess.com"]

[Event "Titled Tuesday Blitz May 03 Early 2022"]
[White "Odegov, Artem"]
[Black "Cherniaiev, Tykhon"]
[WhiteFideId "34183644"]
[BlackFideId "14182360"]
[WhiteElo "2286"]
[BlackElo "2289"]
[Result "0-1"]
[Round "01"]
[TimeControl "180+1"]
[Date "2022.05.03"]
[WhiteClock "0:00:14"]
[BlackClock "0:00:36"]

1. d4 Nf6 2. c4 e6 3. Nf3 d5 4. Nc3 Be7 5. Bg5 O-O 6. e3 dxc4 7. Bxc4 c5 8. O-O cxd4 9. Nxd4 Nc6 10. Nxc6 bxc6 11. Qf3 Bb7 12. Rad1 Qb6 13. b3 Qa5 14. Ne4 Nxe4 15. Bxe7 Nd2 16. Qg4 h5 17. Qd4 Nxf1 18. Bxf8 Rxf8 19. Kxf1 Qxa2 20. Ra1 Qc2 21. Bd3 c5 22. Bxc2 cxd4 23. Rxa7 Bd5 24. exd4 Rb8 25. Ra3 Rb4 26. Ra4 Rb6 27. b4 Bc6 28. Ra5 Rxb4 29. Rc5 Bb5+ 30. Ke1 g6 31. d5 exd5 32. Rxd5 Bc6 33. Rd8+ Kg7 34. f3 Rb2 35. Kd2 h4 36. Kc3 Rb7 37. Rc8 Bd7 38. Rc4 h3 39. gxh3 Bxh3 40. Be4 Re7 41. Rb4 Bg2 42. Rb7 Re5 43. Kd4 Ra5 44. Bd5 Rxd5+ 45. Kxd5 Bxf3+ 46. Ke5 Bxb7 47. Kf4 f6 48. h4 Kh6 49. Kg4 Bc8+ 50. Kf4 Kh5 51. Kg3 f5 52. Kf3 Kxh4 53. Kf4 g5+ 54. Kf3 g4+ 55. Kg2 f4 56. Kf2 g3+ 57. Kg1 Bb7 58. Kf1 f3 59. Kg1 f2+ 60. Kf1 Ba6+ 61. Kg2 f1=Q# 0-1


[Site "https://www.chess.com"]

[Event "Titled Tuesday Blitz May 03 Early 2022"]
[White "Oganian, Miran"]
[Black "Mikhalsky, Vladimir"]
[WhiteFideId "4122488"]
[BlackFideId "14144352"]
[WhiteElo "2357"]
[BlackElo "2301"]
[Result "1-0"]
[Round "01"]
[TimeControl "180+1"]
[Date "2022.05.03"]
[WhiteClock "0:02:01"]
[BlackClock "0:00:19"]

1. e4 g6 2. d4 Bg7 3. Nc3 d6 4. Bg5 a6 5. a4 b6 6. f4 Bb7 7. Nf3 Nc6 8. Bc4 Qd7 9. O-O h6 10. Bh4 e6 11. d5 exd5 12. Nxd5 Nce7 13. Re1 O-O-O 14. Qd3 a5 15. Ba6 Kb8 16. Bxb7 Kxb7 17. Rab1 g5 18. Bf2 Nxd5 19. exd5 Qxa4 20. Nd4 Nf6 21. Nf5 Bf8 22. b4 Re8 23. Bd4 1-0


[Site "https://www.chess.com"]

[Event "Titled Tuesday Blitz May 03 Early 2022"]
[White "Ohanyan, Emin"]
[Black "Kanyamarala, Trisha"]
[WhiteFideId "13312022"]
[BlackFideId "45004722"]
[WhiteElo "1927"]
[BlackElo "2079"]
[Result "1-0"]
[Round "01"]
[TimeControl "180+1"]
[Date "2022.05.03"]
[WhiteClock "0:01:58"]
[BlackClock "0:01:35"]

1. e4 c5 2. Nf3 Nc6 3. d4 cxd4 4. Nxd4 Nf6 5. Nc3 d6 6. Bc4 e6 7. Bb3 a6 8. f4 Qc7 9. f5 Nxd4 10. Qxd4 Qc5 11. Be3 Ng4 12. Bg1 Qxd4 13. Bxd4 exf5 14. Nd5 Kd8 15. Bb6+ Kd7 16. Ba4+ Ke6 17. Nc7+ Kf6 18. Nxa8 Be7 19. Nc7 Be6 20. exf5 Bxf5 21. Nd5+ 1-0


[Site "https://www.chess.com"]

[Event "Titled Tuesday Blitz May 03 Early 2022"]
[White "Olsen, Filip Boe"]
[Black "Sjugirov, Sanan"]
[WhiteFideId "1440640"]
[BlackFideId "4189302"]
[WhiteElo "2188"]
[BlackElo "2602"]
[Result "0-1"]
[Round "01"]
[TimeControl "180+1"]
[Date "2022.05.03"]
[WhiteClock "0:02:01"]
[BlackClock "0:01:58"]

1. d4 Nf6 2. Nf3 e6 3. c4 d5 4. cxd5 exd5 5. Nc3 c6 6. Bg5 Be7 7. e3 Bf5 8. Bd3 Bxd3 9. Qxd3 Nbd7 10. O-O O-O 11. Rab1 a5 12. a3 Re8 13. b4 axb4 14. axb4 b5 15. Rfc1 Ne4 16. Bxe7 Qxe7 17. Ne2 Ra6 18. Ra1 Rxa1 19. Rxa1 Qxb4 20. h4 h6 21. Ra7 Ndf6 22. Ne5 Qe1+ 23. Kh2 Nxf2 24. Qf5 Qh1+ 25. Kg3 N2e4+ 26. Kf4 Qxh4+ 0-1


[Site "https://www.chess.com"]

[Event "Titled Tuesday Blitz May 03 Early 2022"]
[White "Oparin, Grigoriy"]
[Black "Baches Garcia, Guillermo"]
[WhiteFideId "24125890"]
[BlackFideId "2209764"]
[WhiteElo "2665"]
[BlackElo "2515"]
[Result "1-0"]
[Round "01"]
[TimeControl "180+1"]
[Date "2022.05.03"]
[WhiteClock "0:01:04"]
[BlackClock "0:00:06"]

1. c4 e6 2. Nf3 d5 3. g3 Nf6 4. Bg2 Be7 5. b3 O-O 6. O-O b6 7. cxd5 exd5 8. Bb2 Bb7 9. d4 Nbd7 10. Nc3 a6 11. Ne5 Bd6 12. f4 c5 13. e3 b5 14. Qe2 b4 15. Na4 Rc8 16. Rfd1 Re8 17. Rac1 a5 18. Qb5 Ba8 19. Bh3 Rb8 20. Qa6 Bxe5 21. dxe5 Ne4 22. Bg2 f5 23. exf6 Ndxf6 24. Be5 Rc8 25. Bxf6 Qxf6 26. Qxf6 gxf6 27. Nb6 Nc3 28. Nxc8 Nxd1 29. Rxd1 Rxc8 30. Bxd5+ Bxd5 31. Rxd5 a4 32. Kf2 c4 33. bxc4 Rxc4 34. Rb5 Rc2+ 35. Kf3 b3 36. axb3 a3 37. Ra5 a2 38. h4 Kf7 39. h5 Ke6 40. g4 Kd6 41. Ke4 Kc6 42. b4 Kb6 43. h6 Rb2 44. Kf5 1-0


[Site "https://www.chess.com"]

[Event "Titled Tuesday Blitz May 03 Early 2022"]
[White "Ovezdurdyyeva, Jemal"]
[Black "Ezat, Mohamed"]
[WhiteFideId "14001888"]
[BlackFideId "10600906"]
[WhiteElo "1946"]
[BlackElo "2386"]
[Result "0-1"]
[Round "01"]
[TimeControl "180+1"]
[Date "2022.05.03"]
[WhiteClock "0:00:14"]
[BlackClock "0:00:13"]

1. e4 c6 2. d4 d5 3. Nd2 dxe4 4. Nxe4 Bf5 5. Ng3 Bg6 6. Nf3 e6 7. Ne5 Nd7 8. Nxg6 hxg6 9. Bd3 Ngf6 10. Bg5 Qb6 11. Ne2 Rh5 12. Bd2 O-O-O 13. Qc1 e5 14. c3 exd4 15. cxd4 Bb4 16. a3 Bxd2+ 17. Qxd2 Qc7 18. h3 Nb6 19. O-O-O Kb8 20. Kb1 g5 21. Ng3 Rh4 22. Qxg5 Rhxd4 23. Qxg7 Ne8 24. Qh7 a6 25. Bc2 Nc4 26. Rxd4 Rxd4 27. Qh8 Rd8 28. Qc3 Ned6 29. Bb3 Nb6 30. Rd1 Nb5 31. Rxd8+ Qxd8 32. Qf3 Ka7 33. Qxf7 Qd2 34. Ka2 Nc3+ 35. Ka1 Qc1# 0-1


[Site "https://www.chess.com"]

[Event "Titled Tuesday Blitz May 03 Early 2022"]
[White "Paravyan, David"]
[Black "Hamley, Ryan"]
[WhiteFideId "4194985"]
[BlackFideId "30959497"]
[WhiteElo "2569"]
[BlackElo "2497"]
[Result "1-0"]
[Round "01"]
[TimeControl "180+1"]
[Date "2022.05.03"]
[WhiteClock "0:02:08"]
[BlackClock "0:02:05"]

1. e4 e5 2. Nf3 Nc6 3. Nc3 Nf6 4. d4 exd4 5. Nxd4 Bb4 6. Nxc6 bxc6 7. Bd3 d5 8. exd5 cxd5 9. O-O O-O 10. Bg5 c6 11. Qf3 Be7 12. h3 Rb8 13. b3 Qa5 14. Rfe1 Qd8 15. Rad1 Be6 16. Ne2 Re8 17. Nd4 Bd7 18. c4 c5 19. Nf5 Bxf5 20. Qxf5 g6 21. Qf3 Ne4 22. Bxe7 Qxe7 23. cxd5 Ng5 24. Qf4 1-0


[Site "https://www.chess.com"]

[Event "Titled Tuesday Blitz May 03 Early 2022"]
[White "Pein, Jonathan"]
[Black "Jakubiec, Artur"]
[WhiteFideId "417092"]
[BlackFideId "1103261"]
[WhiteElo "2140"]
[BlackElo "2473"]
[Result "1-0"]
[Round "01"]
[TimeControl "180+1"]
[Date "2022.05.03"]
[WhiteClock "0:01:48"]
[BlackClock "0:02:29"]

1. Nf3 d6 2. b3 e5 3. Bb2 f5 4. d4 e4 5. Nfd2 Nf6 6. c4 c6 7. e3 Be7 8. Nc3 O-O 9. d5 c5 10. Be2 Nbd7 11. h3 Ne5 12. Qc2 a6 13. g4 Bd7 14. gxf5 Bxf5 15. Ncxe4 Nxe4 16. Nxe4 b5 17. f4 Nd7 18. Rg1 Nf6 19. Bd3 Bxe4 20. Bxe4 h6 21. Bh7+ Kh8 22. Qg6 Rg8 23. Bxg8 Qxg8 24. O-O-O Rb8 25. Rd2 bxc4 26. Rdg2 1-0


[Site "https://www.chess.com"]

[Event "Titled Tuesday Blitz May 03 Early 2022"]
[White "Petre, Nad-Titus"]
[Black "Piliczewski, Bogusz"]
[WhiteFideId "1204165"]
[BlackFideId "1104144"]
[WhiteElo "2354"]
[BlackElo "1896"]
[Result "1-0"]
[Round "01"]
[TimeControl "180+1"]
[Date "2022.05.03"]
[WhiteClock "0:00:17"]
[BlackClock "0:00:09"]

1. e4 c6 2. d4 d5 3. exd5 cxd5 4. Bd3 Nf6 5. c3 Bg4 6. Qb3 Qd7 7. Bf4 Nc6 8. Nd2 e6 9. Ngf3 Bxf3 10. Nxf3 Bd6 11. Bxd6 Qxd6 12. O-O O-O 13. Rae1 a6 14. Ne5 b5 15. a3 Nd7 16. Nxc6 Qxc6 17. Qd1 Rfc8 18. Re3 a5 19. Rh3 Nf8 20. Bxh7+ Nxh7 21. Qh5 g6 22. Qxh7+ Kf8 23. Rf3 Rc7 24. Qxg6 b4 25. Qf6 bxa3 26. Rh3 Ke8 27. bxa3 Re7 28. Rh7 Rc8 29. Rc1 Kd8 30. Rxf7 Qd7 31. h4 Kc7 32. Rxe7 1-0


[Site "https://www.chess.com"]

[Event "Titled Tuesday Blitz May 03 Early 2022"]
[White "Petrovic, Aleksa"]
[Black "Seo, Jung Min"]
[WhiteFideId "967629"]
[BlackFideId "1734687"]
[WhiteElo "2444"]
[BlackElo "2764"]
[Result "0-1"]
[Round "01"]
[TimeControl "180+1"]
[Date "2022.05.03"]
[WhiteClock "0:00:03"]
[BlackClock "0:00:48"]

1. d4 Nf6 2. c4 c5 3. d5 g6 4. Nc3 Bg7 5. e4 O-O 6. f3 d6 7. Nge2 e6 8. Ng3 Re8 9. Be2 Na6 10. O-O Rb8 11. Nh1 Nc7 12. a4 b6 13. Nf2 a6 14. dxe6 Nxe6 15. Nd3 Bd7 16. Nf4 Bc6 17. Nxe6 fxe6 18. Bf4 e5 19. Bg5 h6 20. Be3 Qe7 21. Qd2 Kh7 22. Rfd1 Red8 23. Nd5 Qf7 24. b4 cxb4 25. Bxb6 Nxd5 26. Bxd8 Nc3 27. Qxd6 Nxe2+ 28. Kf2 Rxd8 29. Qxd8 Qxc4 30. Qd3 Qxd3 31. Rxd3 Nd4 32. a5 Bb5 33. Rdd1 b3 34. Rab1 Bf8 35. Rxd4 exd4 36. Rxb3 Bc5 37. Ke1 Kg7 38. Kd2 Kf6 39. f4 Ke6 40. g4 Bd6 41. e5 Bc7 42. Rh3 Bxa5+ 43. Kc2 d3+ 44. Rxd3 Bxd3+ 45. Kxd3 Kd5 46. h4 Bd8 47. h5 g5 48. fxg5 Bxg5 49. Kc3 Kxe5 50. Kb4 Bd8 51. g5 hxg5 52. h6 g4 53. h7 Bf6 0-1


[Site "https://www.chess.com"]

[Event "Titled Tuesday Blitz May 03 Early 2022"]
[White "Piesik, Piotr"]
[Black "Stanisz, Patryk"]
[WhiteFideId "1136194"]
[BlackFideId "1123106"]
[WhiteElo "2190"]
[BlackElo "1833"]
[Result "1-0"]
[Round "01"]
[TimeControl "180+1"]
[Date "2022.05.03"]
[WhiteClock "0:01:51"]
[BlackClock "0:01:10"]

1. Nf3 Nf6 2. g3 d5 3. Bg2 c6 4. O-O Bf5 5. d3 h6 6. Nbd2 e6 7. Qe1 Bh7 8. e4 Be7 9. Qe2 Nbd7 10. b3 dxe4 11. dxe4 Qb6 12. Bb2 Nc5 13. Ne5 Na4 14. Ndc4 Qc5 15. bxa4 b5 16. axb5 cxb5 17. Na5 O-O 18. Nb3 Qc7 19. f3 a5 20. a4 bxa4 21. Rxa4 Bd6 22. Nc4 Qc6 23. Rfa1 Bb4 24. Ncxa5 Qb6+ 25. Kh1 Bxa5 26. Rxa5 Rac8 27. Ra6 Qb4 28. Ba3 1-0


[Site "https://www.chess.com"]

[Event "Titled Tuesday Blitz May 03 Early 2022"]
[White "Pinero Rodriguez, Carlos Jose"]
[Black "Halvax, Georg"]
[WhiteFideId "3901726"]
[BlackFideId "1619543"]
[WhiteElo "2053"]
[BlackElo "2403"]
[Result "0-1"]
[Round "01"]
[TimeControl "180+1"]
[Date "2022.05.03"]
[WhiteClock "0:00:09"]
[BlackClock "0:01:12"]

1. b3 d5 2. Bb2 Nf6 3. e3 e6 4. c4 Be7 5. Qc2 O-O 6. Nf3 b6 7. Ng5 g6 8. h4 Bb7 9. Be2 Ne4 10. Nxe4 dxe4 11. h5 g5 12. Nc3 f5 13. O-O-O Bf6 14. d3 exd3 15. Bxd3 Qe7 16. f3 Nc6 17. a3 Ne5 18. e4 Nxd3+ 19. Rxd3 fxe4 20. Nxe4 Bxe4 21. fxe4 Bxb2+ 22. Qxb2 Rad8 23. Rxd8 Rxd8 24. Rf1 Qc5 25. Kb1 Qe3 26. Qf6 Qxe4+ 27. Ka1 Qd4+ 28. Qxd4 Rxd4 29. Rf2 Rh4 30. Re2 Kf7 31. Kb2 Rxh5 32. Rd2 Ke7 33. Kc3 Rh2 34. Kb4 h5 35. Kb5 h4 36. Kc6 g4 37. Kxc7 Kf6 38. Rf2+ Kg5 39. Re2 h3 40. Rxe6 hxg2 41. Re1 Rh1 42. Re5+ Kf4 43. Rd5 g1=Q 44. Kc6 Rh6+ 45. Kb7 Rh7+ 46. Ka6 Qa1 47. Kb5 Qxa3 0-1


[Site "https://www.chess.com"]

[Event "Titled Tuesday Blitz May 03 Early 2022"]
[White "Pinheiro, Iung Alicio de O."]
[Black "Bommini, Mounika Akshaya"]
[WhiteFideId "2104350"]
[BlackFideId "25019872"]
[WhiteElo "2558"]
[BlackElo "1671"]
[Result "1-0"]
[Round "01"]
[TimeControl "180+1"]
[Date "2022.05.03"]
[WhiteClock "0:00:11"]
[BlackClock "0:00:09"]

1. c4 e5 2. g3 c6 3. d4 e4 4. d5 Nf6 5. d6 g6 6. Nc3 Bg7 7. Bg2 O-O 8. Nxe4 Nxe4 9. Bxe4 Re8 10. Bg2 Qa5+ 11. Bd2 Qc5 12. Bc3 Qxc4 13. Bxg7 Kxg7 14. Nf3 Na6 15. O-O b5 16. Rc1 Qg4 17. h3 Qe6 18. Ng5 Qe5 19. f4 Qe3+ 20. Kh2 f6 21. Rc3 Qxe2 22. Qd4 Bb7 23. Ne4 Rxe4 24. Qxe4 Qxe4 25. Bxe4 Re8 26. Bf3 Nb4 27. a3 Na6 28. Kg2 Kf7 29. Kf2 Re6 30. Rd3 Nc5 31. Rd4 Nb3 32. Rdd1 Ba6 33. Rfe1 Nc5 34. Rxe6 Nxe6 35. Ke3 c5 36. b4 c4 37. Bd5 Bc8 38. g4 Ke8 39. Bxe6 dxe6 40. Kd4 Kd7 41. Kc5 a6 42. a4 e5 43. fxe5 fxe5 44. axb5 axb5 45. Kxb5 c3 46. Kc4 c2 47. Rc1 Kxd6 48. Rxc2 Be6+ 49. Kd3 Bd5 50. Ke3 Bb7 51. Rc5 Ke6 52. h4 Kd6 53. g5 Bd5 54. Rxd5+ Kxd5 55. Kd3 e4+ 56. Ke3 Ke5 57. b5 Kd5 58. b6 Kc6 59. Kxe4 Kxb6 60. Ke5 Kc6 61. Kf6 Kd6 62. Kg7 Ke7 63. Kxh7 Kf7 64. Kh6 1-0


[Site "https://www.chess.com"]

[Event "Titled Tuesday Blitz May 03 Early 2022"]
[White "Plotnikov, Pavel"]
[Black "Rasulov, Vugar"]
[WhiteFideId "4170342"]
[BlackFideId "13402390"]
[WhiteElo "2298"]
[BlackElo "2560"]
[Result "0-1"]
[Round "01"]
[TimeControl "180+1"]
[Date "2022.05.03"]
[WhiteClock "0:00:12"]
[BlackClock "0:01:39"]

1. e4 c5 2. Nf3 d6 3. d4 cxd4 4. Nxd4 Nf6 5. Nc3 Nc6 6. Bg5 e6 7. Qd2 a6 8. O-O-O Be7 9. f3 O-O 10. g4 Nxd4 11. Qxd4 Qa5 12. Be3 b5 13. Kb1 b4 14. Ne2 e5 15. Qd2 Be6 16. b3 Rfd8 17. g5 Nh5 18. f4 d5 19. Bg2 dxe4 20. Qc1 exf4 21. Nxf4 Nxf4 22. Bxf4 Bf5 23. Qe3 Bc5 24. Qe2 Qb5 25. Qxb5 axb5 26. Bc7 Rdc8 27. Bd6 g6 28. Rhe1 Bf2 29. Re2 e3 30. Bxa8 Bg4 31. Rxf2 Bxd1 32. Rf1 e2 33. Re1 Rxa8 34. Bxb4 Rc8 35. c3 f5 36. Kc1 f4 37. Kd2 Rd8+ 38. Kc1 f3 39. Bc5 Rc8 40. Bd4 Rxc3+ 41. Bxc3 f2 42. Kd2 f1=Q 43. Rxf1 exf1=Q 44. Bf6 Qe2+ 45. Kc3 Qxa2 46. Kb4 Qxb3+ 47. Kc5 Qc4+ 48. Kd6 Kf7 49. Bg7 b4 50. h4 b3 51. h5 Bxh5 52. Bh6 b2 53. Ke5 b1=Q 54. Kd6 Qbd3+ 55. Ke5 Qce4# 0-1


[Site "https://www.chess.com"]

[Event "Titled Tuesday Blitz May 03 Early 2022"]
[White "Popadic, Dragan"]
[Black "Perez Gormaz, Matias"]
[WhiteFideId "913650"]
[BlackFideId "3406342"]
[WhiteElo "2203"]
[BlackElo "2322"]
[Result "1/2-1/2"]
[Round "01"]
[TimeControl "180+1"]
[Date "2022.05.03"]
[WhiteClock "0:01:33"]
[BlackClock "0:00:39"]

1. e4 c5 2. Nc3 Nc6 3. f4 g6 4. Nf3 Bg7 5. Bc4 e6 6. f5 Nge7 7. fxe6 fxe6 8. d3 O-O 9. O-O h6 10. Bb3 Kh7 11. Qe1 Nd4 12. Nxd4 cxd4 13. Ne2 Rxf1+ 14. Qxf1 Nc6 15. Bd2 Qe7 16. Qf3 d6 17. Rf1 Bd7 18. Qf7 Rf8 19. Qxe7 Rxf1+ 20. Kxf1 Nxe7 21. Nf4 e5 22. Nd5 Nc6 23. a3 g5 24. Nb4 Ne7 25. Nd5 Nc6 26. Nb4 Nd8 27. Nd5 Nc6 1/2-1/2


[Site "https://www.chess.com"]

[Event "Titled Tuesday Blitz May 03 Early 2022"]
[White "Pourkashiyan, Atousa"]
[Black "Salimova, Nurgyul"]
[WhiteFideId "12502014"]
[BlackFideId "2915138"]
[WhiteElo "2247"]
[BlackElo "2185"]
[Result "1/2-1/2"]
[Round "01"]
[TimeControl "180+1"]
[Date "2022.05.03"]
[WhiteClock "0:00:08"]
[BlackClock "0:00:06"]

1. e4 c6 2. d4 d5 3. Nd2 dxe4 4. Nxe4 Nf6 5. Nxf6+ exf6 6. c3 Bd6 7. Bd3 O-O 8. Ne2 Re8 9. O-O Nd7 10. Be3 Nf8 11. Qc2 Qc7 12. h3 Be6 13. Qd2 Rad8 14. Bf4 Bd5 15. Bxd6 Qxd6 16. Qf4 Qd7 17. Ng3 Ng6 18. Bxg6 hxg6 19. Rfe1 Rxe1+ 20. Rxe1 Bxa2 21. Ra1 Bd5 22. Rxa7 Re8 23. Ra1 f5 24. Qd2 Qc7 25. Re1 Rxe1+ 26. Qxe1 f4 27. Ne2 f3 28. gxf3 Bxf3 29. Ng3 Qd7 30. Qe3 Bd5 31. Kh2 b5 32. Ne4 Qf5 33. Ng5 Qd7 34. Nf3 Qc7+ 35. Qe5 Qd8 36. Kg3 f6 37. Qe3 g5 38. Nd2 Qd6+ 39. f4 gxf4+ 40. Qxf4 Qe7 41. Kf2 Qe6 42. h4 Qh3 43. Qb8+ Kh7 44. Qf4 Qg2+ 45. Ke1 Qg1+ 46. Ke2 Qg2+ 47. Ke1 Qh1+ 48. Ke2 Qh3 49. Qf2 Qe6+ 50. Qe3 Qg4+ 51. Nf3 Bxf3+ 52. Qxf3 Qxh4 53. Qxc6 Qh2+ 54. Kd3 Qxb2 55. Qe4+ Kg8 56. Qa8+ Kh7 57. Qe4+ g6 58. Qe7+ Kh6 59. Qxf6 Qb1+ 60. Kd2 Qb2+ 61. Kd3 Qb1+ 62. Kd2 Qb2+ 63. Kd3 1/2-1/2


[Site "https://www.chess.com"]

[Event "Titled Tuesday Blitz May 03 Early 2022"]
[White "Pranav, V"]
[Black "Avramidou, Anastasia"]
[WhiteFideId "25060783"]
[BlackFideId "4239873"]
[WhiteElo "2349"]
[BlackElo "2183"]
[Result "1-0"]
[Round "01"]
[TimeControl "180+1"]
[Date "2022.05.03"]
[WhiteClock "0:02:44"]
[BlackClock "0:02:19"]

1. e4 e6 2. d4 d5 3. Bd3 dxe4 4. Bxe4 Nf6 5. Bf3 Be7 6. Ne2 Nbd7 7. O-O c5 8. c4 cxd4 9. Nxd4 O-O 10. Nc3 a6 11. Re1 Qc7 12. b3 Rd8 13. Qe2 Rb8 14. g3 Bd6 15. Be3 b6 16. Ndb5 axb5 17. Nxb5 Ne5 18. Nxc7 Bxc7 19. Bf4 Nxf3+ 20. Qxf3 Bxf4 21. Qxf4 Ra8 22. Red1 Re8 23. Qc7 1-0


[Site "https://www.chess.com"]